 Dungeon Crawl Stone Soup version 0.29-a0-823-gc37b1572da (webtiles) character file.

Game seed: 15365340470498849552

35 zeratav the Stinger (level 3, -4/21 HPs)
             Began as an Octopode Venom Mage on July 8, 2022.
             Slain by an orc
             ... wielding a +0 trident
              (8 damage)
             ... on level 3 of the Dungeon.
             The game lasted 00:01:27 (1839 turns).

zeratav the Stinger (Octopode Venom Mage)           Turns: 1839, Time: 00:01:28

Health: -4/21      AC:  2    Str:  7    XL:     3   Next: 33%
Magic:  3/6        EV: 13    Int: 19    God:
Gold:   48         SH:  0    Dex: 12    Spells: 5/6 levels left

rFire   . . .      SeeInvis .   c - +0 dagger {short}
rCold   . . .      Faith    .   (no shield)
rNeg    . . .      Spirit   .   b - +1 hat
rPois   .          Reflect  .   (no amulet)
rElec   .          Harm     .   (no ring)
rCorr   .          Rampage  .   (no ring)
Will    .....                   (no ring)
Stlth   +++.......              (no ring)
HPRegen 0.07/turn               (no ring)
MPRegen 0.10/turn               (no ring)
                                (no ring)
                                (no ring)

@: very slightly contaminated
A: almost no armour, amphibious, 8 rings, camouflage 1, gelatinous body 1,
(nimble swimmer 1), tentacles
a: no special abilities


You were on level 3 of the Dungeon.
You visited 1 branch of the dungeon, and saw 3 of its levels.

You collected 48 gold pieces.


Innate Abilities, Weirdness & Mutations

You cannot wear most types of armour.
You are amphibious.
You can wear up to eight rings at the same time.
Your skin changes colour to match your surroundings (Stealth+).
Your rubbery body absorbs attacks. (AC +1, EV +1)
((You are camouflaged when in or above water. (Stealth+)))
You have tentacles for arms and can constrict up to eight enemies at once.


   Skills:
 - Level 2.0 Dodging
 + Level 4.1 Stealth
 - Level 2.0 Spellcasting
 - Level 1.0 Transmutations
 + Level 4.5 Poison Magic


You had 5 spell levels left.
You knew the following spells:

 Your Spells              Type           Power      Damage    Failure   Level
a - Sting                 Tmut/Pois      48%        1d5       5%          1

Your spell library contained the following spells:

 Spells                   Type           Power      Damage    Failure   Level
 Poisonous Vapours        Pois/Air       20%        N/A       10%         2
 Mephitic Cloud           Conj/Pois/Air  7%         N/A       26%         3
 Olgreb's Toxic Radiance  Pois           19%        N/A       26%         4

Inventory:

Hand Weapons
 c - a +0 dagger (weapon) {short}
   (You took it off a kobold on level 1 of the Dungeon)
Armour
 b - a +1 hat (worn)
   (You found it on level 1 of the Dungeon)
Scrolls
 d - 6 scrolls of identify {unknown}
 i - a scroll of fog {unknown}
 j - 2 scrolls of poison {unknown}
 k - a scroll of blinking {unknown}
 m - a scroll of enchant weapon {unknown}
Potions
 a - a potion of magic
 e - 2 potions of heal wounds {unknown}
 f - a potion of berserk rage {unknown}
 g - a potion of curing {unknown}
 h - a potion of flight {unknown}
 l - a potion of mutation {unknown}

Dungeon Overview and Level Annotations

Branches:
Dungeon (3/15) Zot: 16160

Altars:

.# .# .. .# #
.# #
#.###.###..#
####..@).....[>
........o.....#
#########o#####
.# ##


You could see 2 orcs.


Message History

You hit the orc but do no damage. You constrict the orc.
The orc hits you from afar with a +0 trident.
The orc misses you.
HP[-3]
You take 3 damage, and now have 18/21 hp.
You hit the orc but do no damage.
You constrict the orc, but do no damage.
The orc closely misses you. The orc hits you with a +0 flail.
HP[-2]
You take 2 damage, and now have 16/21 hp.
You hit the orc but do no damage. Your squeeze misses the orc.
You constrict the orc. The orc hits you but does no damage.
An orc comes into view. It is wielding a +0 hand axe.
You hit the orc but do no damage. You constrict the orc.
The orc hits you with a +0 flail.
* * * LOW HITPOINT WARNING * * *
The kobold hits you with a +0 short sword.
* * * LOW HITPOINT WARNING * * *
You are too injured to fight recklessly!
You are too injured to fight recklessly!
HP[-7]
You take 7 damage, and now have 9/21 hp.
MASSIVE DAMAGE!! (PAUSE)
You are too injured to fight recklessly!
You are too injured to fight recklessly!
You are too injured to fight recklessly!
You are too injured to fight recklessly!
You are too injured to fight recklessly!
You are too injured to fight recklessly!
You are too injured to fight recklessly!
You are too injured to fight recklessly!
You are too injured to fight recklessly!
You are too injured to fight recklessly!
You are too injured to fight recklessly!
You are too injured to fight recklessly!
You are too injured to fight recklessly!
You are too injured to fight recklessly!
You are too injured to fight recklessly!
You release your grip on the orc.
The orc attacks as you move away! The orc barely misses you.
There is a stone staircase leading up here.
The kobold hits you with a +0 short sword.
* * * LOW HITPOINT WARNING * * *
You climb upwards.
There is a stone staircase leading down here.
HP[-2]
You take 2 damage, and now have 7/21 hp.
You hit the kobold. Your grab misses the kobold.
Your squeeze misses the kobold. The kobold closely misses you.
You completely miss the kobold. Your grab misses the kobold.
Your squeeze misses the kobold. The kobold hits you but does no damage.
You hit the kobold. You grab the kobold. You constrict the kobold.
The kobold barely misses you.
You hit the kobold.
You kill the kobold!
Things that are here:
a +0 short sword {short}; 3 stones {throwing} You start resting.
HP[+14]
Your hp is fully restored (21).
There is a stone staircase leading down here.
You climb downwards.
The orc closely misses you.
There is a stone staircase leading up here.
Casting: Sting (safe; 5% risk of failure)
Confirm with . or Enter, or press ? or * to list all spells.
Aiming: Sting (safe; 5% risk of failure)
Press: ? - help, Shift-Dir - straight line, f - orc
Aim: an orc, wielding a +0 hand axe (71% to hit)
The sting hits the orc.
The orc is poisoned.
The orc hits you with a +0 flail. The orc hits you with a +0 hand axe.
HP[-6] MP[-1]
You take 6 damage, and now have 15/21 hp.
MASSIVE DAMAGE!! (PAUSE)
You lost 1 mp, and now have 5/6 mp.
Casting: Sting (safe; 5% risk of failure)
Confirm with . or Enter, or press ? or * to list all spells.
Aiming: Sting (safe; 5% risk of failure)
Press: ? - help, Shift-Dir - straight line, f/p - orc
Aim: an orc, wielding a +0 hand axe (moderately wounded, poisoned, 71% to hit)
You miscast Sting.
You are very lightly contaminated with residual magic.
Nothing appears to happen.
The orc closely misses you.
The orc hits you from afar with a +0 trident!
* * * LOW HITPOINT WARNING * * *
The orc barely misses you.
HP[-9] MP[-1]
You take 9 damage, and now have 6/21 hp.
MASSIVE DAMAGE!! (PAUSE)
You lost 1 mp, and now have 4/6 mp.
Casting: Sting (safe; 5% risk of failure)
Confirm with . or Enter, or press ? or * to list all spells.
Aiming: Sting (safe; 5% risk of failure)
Press: ? - help, Shift-Dir - straight line, f/p - orc
Aim: an orc, wielding a +0 hand axe (heavily wounded, poisoned, 71% to hit)
The sting hits the orc.
The orc looks even sicker.
You kill the orc!
The orc hits you with a +0 flail.
* * * LOW HITPOINT WARNING * * *
The orc hits you from afar with a +0 trident!
You die...

Skill      XL: |  1  2  3 |
---------------+----------+-----
Stealth        | 3 4 |  4.1
Poison Magic   | 4 |  4.5
Dodging        | |  2.0
Spellcasting   | |  2.0
Transmutations | |  1.0

Action                   || total
-------------------------++-------
Melee: Unarmed           ||    12
       Tentacles         ||    12
       Dagger            ||    52
       Constrict         ||    13
       Punch             ||     1
 Cast: Sting             ||     4
 Stab: Sleeping          ||    14
       Distracted        ||     1
Armor: Skin              ||     6
Dodge: Dodged            ||    36

Levels and vault maps discovered:
D:1:      grunt_arrival_crossed_arrows, layout_basic,
          shapermc_ecumenical_altar_totnotflames
D:2:      layout_rooms
D:3:      layout_loops_ring, lemuel_crystal_altar, marbit_many_paths,
          minmay_overflow_temple_star_quad, minmay_misc_feat_nine_boxes

Notes
Turn   | Place    | Note
-------+----------+-------------------------------------------
     0 | D:1      | zeratav the Octopode Venom Mage began the quest for the
                  | Orb.
     0 | D:1      | Reached XP level 1. HP: 11/11 MP: 3/3
     0 | D:1      | magus.rc [v1.9.6]
    43 | D:1      | Reached skill level 3 in Stealth
   306 | D:1      | Reached XP level 2. HP: 17/17 MP: 5/5
   311 | D:1      | Reached skill level 4 in Poison Magic
   493 | D:1      | Found a faded altar of an unknown god.
  1305 | D:2      | Reached XP level 3. HP: 20/21 MP: 6/6
  1316 | D:2      | Reached skill level 4 in Stealth
  1371 | D:2      | Identified the +2 leather armour "Hauwoponk" {Int+7}
  1839 | D:3      | HP: 4/21 [orc/+0 flail (2)]
  1839 | D:3      | Slain by an orc

Vanquished Creatures
  A dart slug (D:2)
  An orc (D:3)
  5 ball pythons
  2 bats
  3 endoplasms (D:1)
  A giant cockroach (D:1)
  5 goblins
  2 hobgoblins
  A quokka (D:1)
  3 frilled lizards (D:1)
  4 kobolds
  4 rats
32 creatures vanquished.

Table legend:
 A = Non-vault XP
 B = Vault XP
 C = Vault XP percentage of total XP
 D = Non-vault monster count
 E = Vault monster count
 F = Vault count percentage of total count
                 A         B        C        D         E       F
            +---------+---------+-------+---------+---------+-------
      Total |      53 |       0 |   0.0 |      32 |       0 |   0.0
            +---------+---------+-------+---------+---------+-------
        D:1 |      31 |       0 |   0.0 |      20 |       0 |   0.0
        D:2 |      19 |       0 |   0.0 |      11 |       0 |   0.0
        D:3 |       3 |       0 |   0.0 |       1 |       0 |   0.0
            +---------+---------+-------+---------+---------+-------

Illustrated notes

Table legend:
 A = Kills in this place as a percentage of kills in entire the game.
 B = Kills by you in this place as a percentage of kills by you in the entire game.
 C = Kills by friends in this place as a percentage of kills by friends in the entire game.
 D = Other kills in this place as a percentage of other kills in the entire game.
 E = Experience gained in this place as a percentage of experience gained in the entire game.
 F = Experience gained in this place divided by the number of levels of this place that you have seen.
                   A       B       C       D       E      F
               +-------+-------+-------+-------+-------+----------------------
         Total | 100.0 | 100.0 |   N/A |   N/A | 100.0 |  17.7
       Dungeon | 100.0 | 100.0 |   N/A |   N/A | 100.0 |  17.7
               +-------+-------+-------+-------+-------+----------------------

Table legend: (Time is in decaauts)
 A = Elapsed time spent in this place.
 B = Non-inter-level travel time spent in this place.
 C = Inter-level travel time spent in this place.
 D = Time resting spent in this place.
 E = Time spent auto-exploring this place.
 F = Levels seen in this place.
 G = Mean time per level.
                   A        B        C        D        E       F      G
               +--------+--------+--------+--------+--------+-----+--------+
         Total |   1839 |   1819 |     20 |    190 |   1407 |   3 |  613.0 |
       Dungeon |   1839 |   1819 |     20 |    190 |   1407 |   3 |  613.0 |
               +--------+--------+--------+--------+--------+-----+--------+

Top non-repeatable levels by time:
     D:1: 1223 daAuts
     D:2: 603 daAuts
     D:3: 12 daAuts
